Workbook
Name таблица: [1]Лист1!$A$5:$Q$359

Sheet Тех задание
A1: УТВЕРЖДАЮ
A2: Первый зам. Генерального директора - Главный инженер ___________________Куликовский С.В. "____"_______20___г.
A3: ТЕХНИЧЕСКОЕ ЗАДАНИЕ
A4: «Поставка слесарного инструмента на 1-е полугодие 2012.»
A5: п/п | B5: Наименование Товара | C5: Функциональные (потребительские свойства), качественные характеристики Товара | D5: ГОСТ,ТУ (или эквивалент) | F5: Ед. измерения | G5: Итого
A6: I | B6: ОСП Далматовское
A7: 1 | B7: Резцы отрезные прямые 25х20х140 | C7: Т5К10 | D7: ГОСТ 18884-73 | F7: шт. | G7: 30
A8: 2 | B8: Резцы отрезные прямые 32х20х170 | C8: Т5К10 | D8: ГОСТ 18884-73 | F8: шт. | G8: 30
A9: 3 | B9: Резцы отрезные прямые 20х16х120 | C9: Т5К10 | D9: ГОСТ 18884-73 | F9: шт. | G9: 30
A10: 4 | B10: Резцы проходные отогнутые 25х20х170 | C10: Т5К10 | D10: ГОСТ 18877-73 | F10: шт. | G10: 12
A11: 5 | B11: Резцы проходные отогнутые 32х20х170 | C11: Т5К10 | D11: ГОСТ 18877-73 | F11: шт. | G11: 12
A12: 6 | B12: Резцы подрезные отогнутые 25х16х140 | C12: Т5К10 | D12: ГОСТ 18880-73 | F12: шт. | G12: 12
A13: 7 | B13: Резцы подрезные отогнутые 32х20х170 | C13: Т5К10 | D13: ГОСТ 18880-73 | F13: шт. | G13: 12
A14: 8 | B14: Резцы проходные прямые 32х20х170 | C14: Т5К10 | D14: ГОСТ 18878-73 | F14: шт. | G14: 12
A15: 9 | B15: Резцы проходные прямые 32х25х200 | C15: Т5К10 | D15: ГОСТ 18878-73 | F15: шт. | G15: 12
A16: 10 | B16: Резцы упорные изогнутые 25х20х170 | C16: Т5К10 | D16: ГОСТ 18879-73 | F16: шт. | G16: 12
A17: 11 | B17: Резцы упорные изогнутые 32х20х170 | C17: Т5К10 | D17: ГОСТ 18879-73 | F17: шт. | G17: 12
A18: 12 | B18: Резцы упорные прямые 25*16*140 | C18: Т5К10 | D18: ГОСТ 18879-73 | F18: шт. | G18: 12
... A77: 71 | B77: Плашка М16х1 | C77: режущий иснтрумент обратки металла | D77: ГОСТ 9140-71 | F77: шт. | G77: 3
A78: 72 | B78: Диск шлиф.230х6х22 по металлу | C78: 230х6х22 | F78: шт. | G78: 110
A79: 73 | B79: Диск отрезной 230х2,5х22 по металлу | C79: 230х2,5х22 | F79: шт. | G79: 180
A80: 74 | B80: Шкурка шлиф.влагост.14 А | C80: шлифовка заготовок Зерно 10 мкм | D80: ГОСТ-13344-79 | F80: кг. | G80: 2
A81: 75 | B81: Шкурка шлиф.влагост.32 | C81: шлифовка заготовок Зерно 10 мкм | D81: ГОСТ-13344-79 | F81: кг. | G81: 2
A82: 76 | B82: Шлифкруг абразивный 400х127х40 | C82: тип1(пп)64С 25Н СМ2 2К | D82: ГОСТ 2424-83 | F82: шт. | G82: 2
A83: 77 | B83: Молоток слесарный | C83: 800г. | F83: шт. | G83: 6
A84: 78 | B84: Кувалда | C84: 5кг. | F84: шт. | G84: 6
A85: 79 | B85: Плоскогубцы | C85: ручной инструмент 1PK-052AS | F85: шт. | G85: 4
A86: 80 | B86: Тонкогубцы | C86: ручной инструмент 1PK-24 | F86: шт. | G86: 2
A87: 81 | B87: Ножницы для резки металла | C87: ручной инструмент ERDI D15A | F87: шт. | G87: 2
A88: 82 | B88: Набор шофёрского инструмента №1 | C88: ручной инструмент | F88: шт. | G88: 1
A89: 83 | B89: Набор шофёрского инструмента №2 | C89: ручной инструмент | F89: шт. | G89: 1
A90: 84 | B90: Набор головок 3/4" 19-50 мм 6гр. 21 пр. TOPTUL GCAI2104 | C90: ручной инструмент | F90: комп. | G90: 3
A91: 85 | B91: Набор ключей рожковых 8-36 мм. | C91: ручной инструмент | F91: шт. | G91: 2
A92: 86 | B92: Набор ключей накидных 8-36 мм. | C92: ручной инструмент | F92: шт. | G92: 2
A93: 87 | B93: Ключ газовый №1 | C93: ручной инструмент | F93: шт. | G93: 2
A94: 88 | B94: Ключ газовый №2 | C94: ручной инструмент | F94: шт. | G94: 2
A95: 89 | B95: Ключ газовый №3 | C95: ручной инструмент | F95: шт. | G95: 2
A96: 90 | B96: Капролон стержень Ф 70 мм | C96: L=1040 мм, пр. вес 5,06 кг | D96: ТУ 2224-001-78534599-2006 | F96: шт. | G96: 2
A97: 91 | B97: Ножовка по дереву | C97: ручной инструмент И4210. | F97: шт. | G97: 2
A98: 92 | B98: Ножовочное полотно по метал. | C98: ручной инструмент | F98: шт. | G98: 10
A99: 93 | B99: Шлиф-машинка(болгарка под диск 230х22) | C99: Bosch | F99: шт. | G99: 1
A100: 94 | B100: Штангельциркуль 150 мм. | C100: измерительный инструмент | F100: шт. | G100: 2
A101: 95 | B101: Штангельциркуль 250 мм. | C101: измерительный инструмент | F101: шт. | G101: 2
A102: 96 | B102: Рулетка 5 м. | C102: измерительный инструмент | F102: шт. | G102: 2
A103: 97 | B103: Рулетка 10 м. | C103: измерительный инструмент | F103: шт. | G103: 2
A104: 98 | B104: ДВП 1,7х2,745 | C104: хознужды | F104: м/кв. | G104: 10
A105: 99 | B105: Бур по бетону 16х600 мм. | C105: хознужды | F105: шт. | G105: 1
A106: 100 | B106: Бур по бетону 13х1000 мм. | C106: хознужды | F106: шт. | G106: 1
A107: 101 | B107: Напильник квадр. 300мм. №2 | C107: ручной инструмент | F107: шт. | G107: 4
A108: 102 | B108: Напильник плоск.остронос.400 №1 | C108: ручной инструмент | F108: шт. | G108: 4
A109: 103 | B109: Напильник полукруг.300 №1 | C109: ручной инструмент | F109: шт. | G109: 4
A110: 104 | B110: Патрон сверл.быстросъемный(к ГС2116) КМ3+3переходных втулки | C110: токарный станок 1К62 | D110: 6152-0152 | F110: шт. | G110: 1
A111: 105 | B111: Патрон цанговый конус 7:241Мо.50, цанги ф5-20(14шт:) | C111: токарный станок 1К62 | D111: 191.113.050 | F111: шт. | G111: 1
A112: 106 | B112: Делительная головка УДГ-Д-250(полная компл.) | C112: фрезерный станок | D112: УДГ-Д-250 | F112: шт. | G112: 1
A113: 107 | B113: Тиски станочные поворотные В=125мм(чугун) | C113: фиксация заготовок, обраб.изделий. | D113: 7200-0210-02 | F113: шт. | G113: 1
A114: 108 | B114: Аккумуляторная дрель-шуруповёрт BOSCH GSR 10.8-2-LI | C114: изготовление фильтров | D114: 601868100 | F114: шт. | G114: 1
A115: II | B115: ОСП Буровой участок Хиагда
A116: 1 | B116: USB осциллограф DSO-2250 | C116: Для ремонта средств измерений | F116: шт. | G116: 1
A117: 2 | B117: Дрель электрическая 550Вт, "ProraB" 2500, патрон 13мм, удар.-вращ, реверс | C117: для сверления отверстий | F117: шт. | G117: 1
A118: 3 | B118: Ключ газовый №2 | D118: ГОСТ 18981-73 | F118: шт. | G118: 2
A119: 4 | B119: Ключ газовый №3 | D119: ГОСТ 18981-73 | F119: шт. | G119: 2
A120: 5 | B120: Ключ газовый №4 | D120: ГОСТ 18981-73 | F120: шт. | G120: 4
A121: 6 | B121: Ключ газовый №5 | D121: ГОСТ 18981-73 | F121: шт. | G121: 2
A122: 7 | B122: Ключ разводной 200/250 | D122: ГОСТ 7275-75 | F122: шт. | G122: 4
A123: 8 | B123: Ключи гаечные комбинированные 10 х 10 | C123: Для ремонта средств измерений | D123: 7811-0224 ГОСТ16983-80 | F123: шт. | G123: 2
A124: 9 | B124: Ключи гаечные комбинированные 11 х 11 | C124: Для ремонта средств измерений | D124: 7811-0542 ГОСТ16983-80 | F124: шт. | G124: 2
A125: 10 | B125: Ключи гаечные комбинированные 12 х 12 | C125: Для ремонта средств измерений | D125: 7811-0225 ГОСТ16983-80 | F125: шт. | G125: 2
A126: 11 | B126: Ключи гаечные комбинированные 13 х 13 | C126: Для ремонта средств измерений | D126: 7811-0226 ГОСТ16983-80 | F126: шт. | G126: 2
A127: 12 | B127: Ключи гаечные комбинированные 14 х 14 | C127: Для ремонта средств измерений | D127: 7811-0227 ГОСТ16983-80 | F127: шт. | G127: 2
A128: 13 | B128: Ключи гаечные комбинированные 15 х 15 | C128: Для ремонта средств измерений | D128: 7811-6558 ГОСТ16983-80 | F128: шт. | G128: 2
A129: 14 | B129: Ключи гаечные комбинированные 16 х 16 | C129: Для ремонта средств измерений | D129: 7811-6559 ГОСТ16983-80 | F129: шт. | G129: 2
A130: 15 | B130: Ключи гаечные комбинированные 17 х 17 | C130: Для ремонта средств измерений | D130: 7811-0228 ГОСТ16983-80 | F130: шт. | G130: 2
A131: 16 | B131: Ключи гаечные комбинированные 19 х 19 | C131: Для ремонта средств измерений | D131: 7811-0229 ГОСТ16983-80 | F131: шт. | G131: 2
A132: 17 | B132: Ключи гаечные комбинированные 5*5 | C132: Для ремонта средств измерений | D132: 7811-0221 ГОСТ16983-80 | F132: шт. | G132: 2
A133: 18 | B133: Ключи гаечные комбинированные 6 х 6 | C133: Для ремонта средств измерений | D133: 7811-6553 ГОСТ16983-80 | F133: шт. | G133: 2
A134: 19 | B134: Ключи гаечные комбинированные 7 х 7 | C134: Для ремонта средств измерений | D134: 7811-0222 ГОСТ16983-80 | F134: шт. | G134: 2
... A136: 21 | B136: Ключи гаечные комбинированные 9 х 9 | C136: Для ремонта средств измерений | D136: 7811-6555 ГОСТ16983-80 | F136: шт. | G136: 2
A137: 22 | B137: Кувалда Масса 8 кг | D137: ГОСТ 11401-75 | F137: шт. | G137: 10
A138: 23 | B138: Кусачки с изолированными ручками 7814-0125 | C138: Для ремонта средств измерений 7814-0125 | D138: 7814-0137 ГОСТ28037-89 | F138: шт. | G138: 2
A139: 24 | B139: Мегомметр | C139: Для поверки и ремонта средств измерений | F139: шт. | G139: 2
A140: 25 | B140: Метчик М10*1,0 | D140: ГОСТ 3266-81 | F140: шт. | G140: 4
A141: 26 | B141: Метчик М10*1,25 | D141: ГОСТ 3266-81 | F141: шт. | G141: 4
A142: 27 | B142: Метчик М10*1,5 | D142: ГОСТ 3266-81 | F142: шт. | G142: 4
A143: 28 | B143: Метчик М12*1,0 | D143: ГОСТ 3266-81 | F143: шт. | G143: 4
A144: 29 | B144: Метчик М12*1,25 | D144: ГОСТ 3266-81 | F144: шт. | G144: 2
A145: 30 | B145: Метчик М12*1,5 | D145: ГОСТ 3266-81 | F145: шт. | G145: 2
A146: 31 | B146: Метчик М12*1,75 | D146: ГОСТ 3266-81 | F146: шт. | G146: 2
A147: 32 | B147: Метчик М14*1,25 | D147: ГОСТ 3266-81 | F147: шт. | G147: 2
A148: 33 | B148: Метчик М14*1,5 | D148: ГОСТ 3266-81 | F148: шт. | G148: 2
A149: 34 | B149: Метчик М14*2,0 | D149: ГОСТ 3266-81 | F149: шт. | G149: 2
A150: 35 | B150: Метчик М16*1,5 | D150: ГОСТ 3266-81 | F150: шт. | G150: 2
A151: 36 | B151: Метчик М16*2,0 | D151: ГОСТ 3266-81 | F151: шт. | G151: 2
... A166: 51 | B166: Метчик М8*1,25 | D166: ГОСТ 3266-81 | F166: шт. | G166: 4
A167: 52 | B167: метчики и плашки дюймовые | C167: 1/2", 3/4", 1" комплект из метчиков и плашек | D167: ГОСТ 7250-60 | F167: набор | G167: 1
A168: 53 | B168: молоток слесарный 800 г | D168: ГОСТ 2310-77 | F168: шт. | G168: 12
A169: 54 | B169: Мультиметр | C169: Для поверки и ремонта средств измерений | F169: шт. | G169: 2
A170: 55 | B170: набор головок от 10мм до 27мм | D170: ГОСТ 25604-83 | F170: шт. | G170: 10
A171: 56 | B171: набор головок торцовых сменных | C171: 10мм до 27мм | D171: ГОСТ 25604-92 | F171: набор | G171: 8
A172: 57 | B172: набор ключей рожковых | C172: набор из 12 ключей размер 8-32 | D172: ГОСТ 2839-80. | F172: набор | G172: 8
A173: 58 | B173: Набор крестовых отверток | C173: Набор отверток Stanley Basic (или эквивалент) с набором точная механика Артикул Stanley 60-220 | D173: ГОСТ 21010-75 ГОСТ 24437-93 ГОСТ 10754-80 ГОСТ 17199-89 | F173: шт. | G173: 2
...

Sheet Спецификация
K1: Приложение № 1
K2: к Договору №____ от _______
A4: Спецификация №1
A5: к Договору № ___ от ______________20___г
A6: г. Москва | K6: «__»__________20___г.
A8: п/п | B8: Наименование Товара | C8: Функциональные (потребительские свойства), качественные характеристики Товара | D8: ГОСТ,ТУ (или эквивалент) | E8: Каталожный номер / предприятие изготовитель | F8: Ед. измерения | G8: График поставки | I8: Количество | J8: Цена за единицу Товара с учетом НДС, руб. | K8: Общая сумма с учетом НДС, руб.
G9: В течение 25 дней с даты подписания Договора | H9: апрель
A10: I | B10: ОСП Далматовское
A11: 1 | B11: Резцы отрезные прямые 25х20х140 | C11: Т5К10 | D11: ГОСТ 18884-73 | E11: =VLOOKUP(A11,[2]Спецификация!$A$11,6,0) -> #N/A | F11: шт. | G11: 15 | H11: 15 | I11: =SUM(G11:H11) -> 30
A12: 2 | B12: Резцы отрезные прямые 32х20х170 | C12: Т5К10 | D12: ГОСТ 18884-73 | E12: =VLOOKUP(A12,[2]Спецификация!$A$11,6,0) -> #N/A | F12: шт. | G12: 15 | H12: 15 | I12: =SUM(G12:H12) -> 30
A13: 3 | B13: Резцы отрезные прямые 20х16х120 | C13: Т5К10 | D13: ГОСТ 18884-73 | E13: =VLOOKUP(A13,[2]Спецификация!$A$11,6,0) -> #N/A | F13: шт. | G13: 15 | H13: 15 | I13: =SUM(G13:H13) -> 30
A14: 4 | B14: Резцы проходные отогнутые 25х20х170 | C14: Т5К10 | D14: ГОСТ 18877-73 | E14: =VLOOKUP(A14,[2]Спецификация!$A$11,6,0) -> #N/A | F14: шт. | G14: 6 | H14: 6 | I14: =SUM(G14:H14) -> 12
A15: 5 | B15: Резцы проходные отогнутые 32х20х170 | C15: Т5К10 | D15: ГОСТ 18877-73 | E15: =VLOOKUP(A15,[2]Спецификация!$A$11,6,0) -> #N/A | F15: шт. | G15: 6 | H15: 6 | I15: =SUM(G15:H15) -> 12
A16: 6 | B16: Резцы подрезные отогнутые 25х16х140 | C16: Т5К10 | D16: ГОСТ 18880-73 | E16: =VLOOKUP(A16,[2]Спецификация!$A$11,6,0) -> #N/A | F16: шт. | G16: 6 | H16: 6 | I16: =SUM(G16:H16) -> 12
A17: 7 | B17: Резцы подрезные отогнутые 32х20х170 | C17: Т5К10 | D17: ГОСТ 18880-73 | E17: =VLOOKUP(A17,[2]Спецификация!$A$11,6,0) -> #N/A | F17: шт. | G17: 6 | H17: 6 | I17: =SUM(G17:H17) -> 12
A18: 8 | B18: Резцы проходные прямые 32х20х170 | C18: Т5К10 | D18: ГОСТ 18878-73 | E18: =VLOOKUP(A18,[2]Спецификация!$A$11,6,0) -> #N/A | F18: шт. | G18: 6 | H18: 6 | I18: =SUM(G18:H18) -> 12
A19: 9 | B19: Резцы проходные прямые 32х25х200 | C19: Т5К10 | D19: ГОСТ 18878-73 | E19: =VLOOKUP(A19,[2]Спецификация!$A$11,6,0) -> #N/A | F19: шт. | G19: 6 | H19: 6 | I19: =SUM(G19:H19) -> 12
A20: 10 | B20: Резцы упорные изогнутые 25х20х170 | C20: Т5К10 | D20: ГОСТ 18879-73 | E20: =VLOOKUP(A20,[2]Спецификация!$A$11,6,0) -> #N/A | F20: шт. | G20: 6 | H20: 6 | I20: =SUM(G20:H20) -> 12
A21: 11 | B21: Резцы упорные изогнутые 32х20х170 | C21: Т5К10 | D21: ГОСТ 18879-73 | E21: =VLOOKUP(A21,[2]Спецификация!$A$11,6,0) -> #N/A | F21: шт. | G21: 6 | H21: 6 | I21: =SUM(G21:H21) -> 12
A22: 12 | B22: Резцы упорные прямые 25*16*140 | C22: Т5К10 | D22: ГОСТ 18879-73 | E22: =VLOOKUP(A22,[2]Спецификация!$A$11,6,0) -> #REF! | F22: шт. | G22: 6 | H22: 6 | I22: =SUM(G22:H22) -> 12
... A30: 20 | B30: Резцы расточные для глухих отверстий тип 2, исп.2 (виброустойчивые) 25х16х200 | C30: Т5К10 | D30: ГОСТ 18883-73 | E30: =VLOOKUP(A30,[2]Спецификация!$A$11,6,0) -> #N/A | F30: шт. | G30: 6 | H30: 6 | I30: =SUM(G30:H30) -> 12
A31: 21 | B31: Сверло по мет.15мм. | C31: режущий иснтрумент обратки металла | D31: ГОСТ 10903-77 | E31: =VLOOKUP(A31,[2]Спецификация!$A$11,6,0) -> #N/A | F31: шт. | G31: 4 | I31: =SUM(G31:H31) -> 4
A32: 22 | B32: Сверло по мет.15,5мм. | C32: режущий иснтрумент обратки металла | D32: ГОСТ 10903-77 | E32: =VLOOKUP(A32,[2]Спецификация!$A$11,6,0) -> #N/A | F32: шт. | G32: 4 | I32: =SUM(G32:H32) -> 4
A33: 23 | B33: Фреза конц.10мм. | C33: режущий иснтрумент обратки металла | D33: ГОСТ 1725-71 | E33: =VLOOKUP(A33,[2]Спецификация!$A$11,6,0) -> #N/A | F33: шт. | G33: 1 | H33: 2 | I33: =SUM(G33:H33) -> 3
A34: 24 | B34: Фреза конц.12мм. | C34: режущий иснтрумент обратки металла | D34: ГОСТ 17026-71 | E34: =VLOOKUP(A34,[2]Спецификация!$A$11,6,0) -> #N/A | F34: шт. | G34: 1 | H34: 2 | I34: =SUM(G34:H34) -> 3
A35: 25 | B35: Фреза конц.14мм. | C35: режущий иснтрумент обратки металла | D35: ГОСТ 17026-71 | E35: =VLOOKUP(A35,[2]Спецификация!$A$11,6,0) -> #N/A | F35: шт. | G35: 1 | H35: 2 | I35: =SUM(G35:H35) -> 3
A36: 26 | B36: Фреза конц.16мм. | C36: режущий иснтрумент обратки металла | D36: ГОСТ 17026-71 | E36: =VLOOKUP(A36,[2]Спецификация!$A$11,6,0) -> #N/A | F36: шт. | G36: 1 | H36: 2 | I36: =SUM(G36:H36) -> 3
A37: 27 | B37: Фреза конц.18мм. | C37: режущий иснтрумент обратки металла | D37: ГОСТ 17026-71 | E37: =VLOOKUP(A37,[2]Спецификация!$A$11,6,0) -> #N/A | F37: шт. | G37: 1 | H37: 2 | I37: =SUM(G37:H37) -> 3
A38: 28 | B38: Фреза конц.20мм. | C38: режущий иснтрумент обратки металла | D38: ГОСТ 17026-71 | E38: =VLOOKUP(A38,[2]Спецификация!$A$11,6,0) -> #N/A | F38: шт. | G38: 1 | H38: 2 | I38: =SUM(G38:H38) -> 3
A39: 29 | B39: Фреза конц.22мм. | C39: режущий иснтрумент обратки металла | D39: ГОСТ 17026-71 | E39: =VLOOKUP(A39,[2]Спецификация!$A$11,6,0) -> #N/A | F39: шт. | G39: 1 | H39: 2 | I39: =SUM(G39:H39) -> 3
A40: 30 | B40: Фреза конц.25мм. | C40: режущий иснтрумент обратки металла | D40: ГОСТ 17026-71 | E40: =VLOOKUP(A40,[2]Спецификация!$A$11,6,0) -> #N/A | F40: шт. | G40: 1 | H40: 2 | I40: =SUM(G40:H40) -> 3
A41: 31 | B41: Фреза конц.6мм. | C41: режущий иснтрумент обратки металла | D41: ГОСТ 1725-71 | E41: =VLOOKUP(A41,[2]Спецификация!$A$11,6,0) -> #N/A | F41: шт. | G41: 1 | H41: 2 | I41: =SUM(G41:H41) -> 3
A42: 32 | B42: Фреза конц.8мм. | C42: режущий иснтрумент обратки металла | D42: ГОСТ 1725-71 | E42: =VLOOKUP(A42,[2]Спецификация!$A$11,6,0) -> #N/A | F42: шт. | G42: 1 | H42: 2 | I42: =SUM(G42:H42) -> 3
A43: 33 | B43: Фреза конц.24мм. | C43: режущий иснтрумент обратки металла | D43: ГОСТ 17026-71 | E43: =VLOOKUP(A43,[2]Спецификация!$A$11,6,0) -> #N/A | F43: шт. | G43: 1 | H43: 2 | I43: =SUM(G43:H43) -> 3
A44: 34 | B44: Фреза конц.28мм. | C44: режущий иснтрумент обратки металла | D44: ГОСТ 17026-71 | E44: =VLOOKUP(A44,[2]Спецификация!$A$11,6,0) -> #N/A | F44: шт. | G44: 1 | H44: 2 | I44: =SUM(G44:H44) -> 3
... A81: 71 | B81: Плашка М16х1 | C81: режущий иснтрумент обратки металла | D81: ГОСТ 9140-71 | E81: =VLOOKUP(A81,[2]Спецификация!$A$11,6,0) -> #N/A | F81: шт. | G81: 2 | H81: 1 | I81: =SUM(G81:H81) -> 3
A82: 72 | B82: Диск шлиф.230х6х22 по металлу | C82: 230х6х22 | E82: =VLOOKUP(A82,[2]Спецификация!$A$11,6,0) -> #N/A | F82: шт. | G82: 80 | H82: 30 | I82: =SUM(G82:H82) -> 110
A83: 73 | B83: Диск отрезной 230х2,5х22 по металлу | C83: 230х2,5х22 | E83: =VLOOKUP(A83,[2]Спецификация!$A$11,6,0) -> #N/A | F83: шт. | G83: 90 | H83: 90 | I83: =SUM(G83:H83) -> 180
A84: 74 | B84: Шкурка шлиф.влагост.14 А | C84: шлифовка заготовок Зерно 10 мкм | D84: ГОСТ-13344-79 | E84: =VLOOKUP(A84,[2]Спецификация!$A$11,6,0) -> #N/A | F84: кг. | G84: 1 | H84: 1 | I84: =SUM(G84:H84) -> 2
A85: 75 | B85: Шкурка шлиф.влагост.32 | C85: шлифовка заготовок Зерно 10 мкм | D85: ГОСТ-13344-79 | E85: =VLOOKUP(A85,[2]Спецификация!$A$11,6,0) -> #N/A | F85: кг. | G85: 1 | H85: 1 | I85: =SUM(G85:H85) -> 2
A86: 76 | B86: Шлифкруг абразивный 400х127х40 | C86: тип1(пп)64С 25Н СМ2 2К | D86: ГОСТ 2424-83 | E86: =VLOOKUP(A86,[2]Спецификация!$A$11,6,0) -> #N/A | F86: шт. | G86: 2 | I86: =SUM(G86:H86) -> 2
A87: 77 | B87: Молоток слесарный | C87: 800г. | E87: =VLOOKUP(A87,[2]Спецификация!$A$11,6,0) -> #N/A | F87: шт. | G87: 4 | H87: 2 | I87: =SUM(G87:H87) -> 6
A88: 78 | B88: Кувалда | C88: 5кг. | E88: =VLOOKUP(A88,[2]Спецификация!$A$11,6,0) -> #N/A | F88: шт. | G88: 4 | H88: 2 | I88: =SUM(G88:H88) -> 6
A89: 79 | B89: Плоскогубцы | C89: ручной инструмент 1PK-052AS | E89: =VLOOKUP(A89,[2]Спецификация!$A$11,6,0) -> #N/A | F89: шт. | G89: 2 | H89: 2 | I89: =SUM(G89:H89) -> 4
A90: 80 | B90: Тонкогубцы | C90: ручной инструмент 1PK-24 | E90: =VLOOKUP(A90,[2]Спецификация!$A$11,6,0) -> #N/A | F90: шт. | G90: 2 | I90: =SUM(G90:H90) -> 2
A91: 81 | B91: Ножницы для резки металла | C91: ручной инструмент ERDI D15A | E91: =VLOOKUP(A91,[2]Спецификация!$A$11,6,0) -> #N/A | F91: шт. | G91: 2 | I91: =SUM(G91:H91) -> 2
A92: 82 | B92: Набор шофёрского инструмента №1 | C92: ручной инструмент | E92: =VLOOKUP(A92,[2]Спецификация!$A$11,6,0) -> #N/A | F92: шт. | G92: 1 | I92: =SUM(G92:H92) -> 1
A93: 83 | B93: Набор шофёрского инструмента №2 | C93: ручной инструмент | E93: =VLOOKUP(A93,[2]Спецификация!$A$11,6,0) -> #N/A | F93: шт. | G93: 1 | I93: =SUM(G93:H93) -> 1
A94: 84 | B94: Набор головок 3/4" 19-50 мм 6гр. 21 пр. TOPTUL GCAI2104 | C94: ручной инструмент | E94: =VLOOKUP(A94,[2]Спецификация!$A$11,6,0) -> #N/A | F94: комп. | G94: 3 | I94: =SUM(G94:H94) -> 3
A95: 85 | B95: Набор ключей рожковых 8-36 мм. | C95: ручной инструмент | E95: =VLOOKUP(A95,[2]Спецификация!$A$11,6,0) -> #N/A | F95: шт. | G95: 2 | I95: =SUM(G95:H95) -> 2
A96: 86 | B96: Набор ключей накидных 8-36 мм. | C96: ручной инструмент | E96: =VLOOKUP(A96,[2]Спецификация!$A$11,6,0) -> #N/A | F96: шт. | G96: 2 | I96: =SUM(G96:H96) -> 2
A97: 87 | B97: Ключ газовый №1 | C97: ручной инструмент | E97: =VLOOKUP(A97,[2]Спецификация!$A$11,6,0) -> #N/A | F97: шт. | G97: 2 | I97: =SUM(G97:H97) -> 2
A98: 88 | B98: Ключ газовый №2 | C98: ручной инструмент | E98: =VLOOKUP(A98,[2]Спецификация!$A$11,6,0) -> #N/A | F98: шт. | G98: 2 | I98: =SUM(G98:H98) -> 2
A99: 89 | B99: Ключ газовый №3 | C99: ручной инструмент | E99: =VLOOKUP(A99,[2]Спецификация!$A$11,6,0) -> #N/A | F99: шт. | G99: 2 | I99: =SUM(G99:H99) -> 2
A100: 90 | B100: Капролон стержень Ф 70 мм | C100: L=1040 мм, пр. вес 5,06 кг | D100: ТУ 2224-001-78534599-2006 (или эквивалент) | E100: =VLOOKUP(A100,[2]Спецификация!$A$11,6,0) -> #N/A | F100: шт. | H100: 2 | I100: =SUM(G100:H100) -> 2
A101: 91 | B101: Ножовка по дереву | C101: ручной инструмент И4210. | E101: =VLOOKUP(A101,[2]Спецификация!$A$11,6,0) -> #N/A | F101: шт. | G101: 2 | I101: =SUM(G101:H101) -> 2
A102: 92 | B102: Ножовочное полотно по метал. | C102: ручной инструмент | E102: =VLOOKUP(A102,[2]Спецификация!$A$11,6,0) -> #N/A | F102: шт. | G102: 10 | I102: =SUM(G102:H102) -> 10
A103: 93 | B103: Шлиф-машинка(болгарка под диск 230х22) | C103: Bosch | E103: =VLOOKUP(A103,[2]Спецификация!$A$11,6,0) -> #N/A | F103: шт. | G103: 1 | I103: =SUM(G103:H103) -> 1
A104: 94 | B104: Штангельциркуль 150 мм. | C104: измерительный инструмент | E104: =VLOOKUP(A104,[2]Спецификация!$A$11,6,0) -> #N/A | F104: шт. | G104: 2 | I104: =SUM(G104:H104) -> 2
A105: 95 | B105: Штангельциркуль 250 мм. | C105: измерительный инструмент | E105: =VLOOKUP(A105,[2]Спецификация!$A$11,6,0) -> #N/A | F105: шт. | G105: 2 | I105: =SUM(G105:H105) -> 2
A106: 96 | B106: Рулетка 5 м. | C106: измерительный инструмент | E106: =VLOOKUP(A106,[2]Спецификация!$A$11,6,0) -> #N/A | F106: шт. | G106: 2 | I106: =SUM(G106:H106) -> 2
A107: 97 | B107: Рулетка 10 м. | C107: измерительный инструмент | E107: =VLOOKUP(A107,[2]Спецификация!$A$11,6,0) -> #N/A | F107: шт. | G107: 2 | I107: =SUM(G107:H107) -> 2
A108: 98 | B108: ДВП 1,7х2,745 | C108: хознужды | E108: =VLOOKUP(A108,[2]Спецификация!$A$11,6,0) -> #N/A | F108: м/кв. | H108: 10 | I108: =SUM(G108:H108) -> 10
A109: 99 | B109: Бур по бетону 16х600 мм. | C109: хознужды | E109: =VLOOKUP(A109,[2]Спецификация!$A$11,6,0) -> #N/A | F109: шт. | G109: 1 | I109: =SUM(G109:H109) -> 1
A110: 100 | B110: Бур по бетону 13х1000 мм. | C110: хознужды | E110: =VLOOKUP(A110,[2]Спецификация!$A$11,6,0) -> #N/A | F110: шт. | G110: 1 | I110: =SUM(G110:H110) -> 1
A111: 101 | B111: Напильник квадр. 300мм. №2 | C111: ручной инструмент | E111: =VLOOKUP(A111,[2]Спецификация!$A$11,6,0) -> #N/A | F111: шт. | G111: 2 | H111: 2 | I111: =SUM(G111:H111) -> 4
A112: 102 | B112: Напильник плоск.остронос.400 №1 | C112: ручной инструмент | E112: =VLOOKUP(A112,[2]Спецификация!$A$11,6,0) -> #N/A | F112: шт. | G112: 2 | H112: 2 | I112: =SUM(G112:H112) -> 4
A113: 103 | B113: Напильник полукруг.300 №1 | C113: ручной инструмент | E113: =VLOOKUP(A113,[2]Спецификация!$A$11,6,0) -> #N/A | F113: шт. | G113: 2 | H113: 2 | I113: =SUM(G113:H113) -> 4
A114: 104 | B114: Патрон сверл.быстросъемный(к ГС2116) КМ3+3переходных втулки | C114: токарный станок 1К62 | D114: 6152-0152 | E114: =VLOOKUP(A114,[2]Спецификация!$A$11,6,0) -> #N/A | F114: шт. | G114: 1 | I114: =SUM(G114:H114) -> 1
A115: 105 | B115: Патрон цанговый конус 7:241Мо.50, цанги ф5-20(14шт:) | C115: токарный станок 1К62 | D115: 191.113.050 | E115: =VLOOKUP(A115,[2]Спецификация!$A$11,6,0) -> #N/A | F115: шт. | G115: 1 | I115: =SUM(G115:H115) -> 1
A116: 106 | B116: Делительная головка УДГ-Д-250(полная компл.) | C116: фрезерный станок | D116: УДГ-Д-250 (или эквивалент) | E116: =VLOOKUP(A116,[2]Спецификация!$A$11,6,0) -> #N/A | F116: шт. | G116: 1 | I116: =SUM(G116:H116) -> 1
A117: 107 | B117: Тиски станочные поворотные В=125мм(чугун) | C117: фиксация заготовок, обраб.изделий. | D117: 7200-0210-02 (или эквивалент) | E117: =VLOOKUP(A117,[2]Спецификация!$A$11,6,0) -> #N/A | F117: шт. | G117: 1 | I117: =SUM(G117:H117) -> 1
A118: 108 | B118: Аккумуляторная дрель-шуруповёрт BOSCH GSR 10.8-2-LI | C118: изготовление фильтров | E118: =VLOOKUP(A118,[2]Спецификация!$A$11,6,0) -> #N/A | F118: шт. | G118: 1 | I118: =SUM(G118:H118) -> 1
A119: II | B119: ОСП Буровой участок Хиагда
A120: 1 | B120: USB осциллограф DSO-2250 | C120: Для ремонта средств измерений | F120: шт. | G120: 1 | I120: =SUM(G120:H120) -> 1
A121: 2 | B121: Дрель электрическая 550Вт, "ProraB" 2500, патрон 13мм, удар.-вращ, реверс | C121: для сверления отверстий | F121: шт. | G121: 1 | I121: =SUM(G121:H121) -> 1
A122: 3 | B122: Ключ газовый №2 | D122: ГОСТ 18981-73 | F122: шт. | G122: 2 | I122: =SUM(G122:H122) -> 2
A123: 4 | B123: Ключ газовый №3 | D123: ГОСТ 18981-73 | F123: шт. | G123: 2 | I123: =SUM(G123:H123) -> 2
A124: 5 | B124: Ключ газовый №4 | D124: ГОСТ 18981-73 | F124: шт. | G124: 4 | I124: =SUM(G124:H124) -> 4
A125: 6 | B125: Ключ газовый №5 | D125: ГОСТ 18981-73 | F125: шт. | G125: 2 | I125: =SUM(G125:H125) -> 2
A126: 7 | B126: Ключ разводной 200/250 | D126: ГОСТ 7275-75 | F126: шт. | G126: 4 | I126: =SUM(G126:H126) -> 4
A127: 8 | B127: Ключи гаечные комбинированные 10 х 10 | C127: Для ремонта средств измерений | D127: 7811-0224 ГОСТ16983-80 | F127: шт. | G127: 2 | I127: =SUM(G127:H127) -> 2
A128: 9 | B128: Ключи гаечные комбинированные 11 х 11 | C128: Для ремонта средств измерений | D128: 7811-0542 ГОСТ16983-80 | F128: шт. | G128: 2 | I128: =SUM(G128:H128) -> 2
A129: 10 | B129: Ключи гаечные комбинированные 12 х 12 | C129: Для ремонта средств измерений | D129: 7811-0225 ГОСТ16983-80 | F129: шт. | G129: 2 | I129: =SUM(G129:H129) -> 2
A130: 11 | B130: Ключи гаечные комбинированные 13 х 13 | C130: Для ремонта средств измерений | D130: 7811-0226 ГОСТ16983-80 | F130: шт. | G130: 2 | I130: =SUM(G130:H130) -> 2
A131: 12 | B131: Ключи гаечные комбинированные 14 х 14 | C131: Для ремонта средств измерений | D131: 7811-0227 ГОСТ16983-80 | F131: шт. | G131: 2 | I131: =SUM(G131:H131) -> 2
A132: 13 | B132: Ключи гаечные комбинированные 15 х 15 | C132: Для ремонта средств измерений | D132: 7811-6558 ГОСТ16983-80 | F132: шт. | G132: 2 | I132: =SUM(G132:H132) -> 2
A133: 14 | B133: Ключи гаечные комбинированные 16 х 16 | C133: Для ремонта средств измерений | D133: 7811-6559 ГОСТ16983-80 | F133: шт. | G133: 2 | I133: =SUM(G133:H133) -> 2
A134: 15 | B134: Ключи гаечные комбинированные 17 х 17 | C134: Для ремонта средств измерений | D134: 7811-0228 ГОСТ16983-80 | F134: шт. | G134: 2 | I134: =SUM(G134:H134) -> 2
A135: 16 | B135: Ключи гаечные комбинированные 19 х 19 | C135: Для ремонта средств измерений | D135: 7811-0229 ГОСТ16983-80 | F135: шт. | G135: 2 | I135: =SUM(G135:H135) -> 2
A136: 17 | B136: Ключи гаечные комбинированные 5*5 | C136: Для ремонта средств измерений | D136: 7811-0221 ГОСТ16983-80 | F136: шт. | G136: 2 | I136: =SUM(G136:H136) -> 2
A137: 18 | B137: Ключи гаечные комбинированные 6 х 6 | C137: Для ремонта средств измерений | D137: 7811-6553 ГОСТ16983-80 | F137: шт. | G137: 2 | I137: =SUM(G137:H137) -> 2
A138: 19 | B138: Ключи гаечные комбинированные 7 х 7 | C138: Для ремонта средств измерений | D138: 7811-0222 ГОСТ16983-80 | F138: шт. | G138: 2 | I138: =SUM(G138:H138) -> 2
... A140: 21 | B140: Ключи гаечные комбинированные 9 х 9 | C140: Для ремонта средств измерений | D140: 7811-6555 ГОСТ16983-80 | F140: шт. | G140: 2 | I140: =SUM(G140:H140) -> 2
A141: 22 | B141: Кувалда Масса 8 кг | D141: ГОСТ 11401-75 | F141: шт. | G141: 10 | I141: =SUM(G141:H141) -> 10
A142: 23 | B142: Кусачки с изолированными ручками 7814-0125 | C142: Для ремонта средств измерений 7814-0125 | D142: 7814-0137 ГОСТ28037-89 | F142: шт. | G142: 2 | I142: =SUM(G142:H142) -> 2
A143: 24 | B143: Мегомметр | C143: Для поверки и ремонта средств измерений | F143: шт. | G143: 2 | I143: =SUM(G143:H143) -> 2
A144: 25 | B144: Метчик М10*1,0 | D144: ГОСТ 3266-81 | F144: шт. | G144: 4 | I144: =SUM(G144:H144) -> 4
A145: 26 | B145: Метчик М10*1,25 | D145: ГОСТ 3266-81 | F145: шт. | G145: 4 | I145: =SUM(G145:H145) -> 4
A146: 27 | B146: Метчик М10*1,5 | D146: ГОСТ 3266-81 | F146: шт. | G146: 4 | I146: =SUM(G146:H146) -> 4
...
